 Dungeon Crawl Stone Soup version 0.21-a0-426-g98080a9 (webtiles) character file.

98 zewo the Sneak (level 4, -1/21 HPs)
             Began as a Spriggan Enchanter on Nov 7, 2017.
             Slain by a river rat (4 damage)
             ... summoned by drock42's ghost
             ... on level 3 of the Dungeon.
             The game lasted 00:14:14 (3447 turns).

zewo the Sneak (Spriggan Enchanter)                 Turns: 3447, Time: 00:14:15

Health: -1/21      AC:  4    Str:  4    XL:     4   Next: 44%
Magic:  9/9        EV: 21    Int: 16    God:
Gold:   82         SH:  5    Dex: 17    Spells: 2/8 levels left

rFire    . . .     SeeInvis +   k - -1 dagger (curse)
rCold    . . .     Gourm    .   p - +0 buckler
rNeg     . . .     Faith    .   b - +0 robe
rPois    .         Spirit   .   (helmet restricted)
rElec    .         Reflect  .   o - +1 cloak
rCorr    .         Harm     .   (gloves unavailable)
MR       .....                  (boots unavailable)
Stlth    +++.......             (no amulet)
HPRegen  0.07/turn              s - +4 ring of evasion
MPRegen  0.11/turn              (no ring)

@: very quick
A: unfitting armour, see invisible, herbivore 3, speed 3, slow metabolism 2
a: no special abilities


You were on level 3 of the Dungeon.
You were very hungry.

You visited 1 branch of the dungeon, and saw 3 of its levels.

You collected 82 gold pieces.

Inventory:

Hand Weapons
 a - a +1 dagger
 k - a cursed -1 dagger (weapon)
Armour
 b - a +0 robe (worn)
 m - a +0 leather armour
 o - a +1 cloak (worn)
 p - a +0 buckler (worn)
Jewellery
 s - a +4 ring of evasion (left hand)
Wands
 h - a wand of confusion (16/48)
Scrolls
 i - a scroll of remove curse
 j - a scroll of random uselessness
 l - a scroll of recharging
Potions
 e - a potion of lignification
 g - 2 potions of flight
 n - a potion of heal wounds
 q - a potion of curing {unknown}
 r - a potion of agility {unknown}
 u - 2 potions of might {unknown}
Books
 c - a book of Maledictions

   Spells                             Type                      Level
   a - Corona                         Hexes                        1
   b - Ensorcelled Hibernation        Hexes/Ice                    2
   c - Confuse                        Hexes                        3
   d - Tukima's Dance                 Hexes                        3
   e - Dazzling Spray                 Conjuration/Hexes            3
Comestibles
 d - 3 bread rations
 f - a royal jelly


   Skills:
 + Level 3.2 Short Blades
 - Level 3.0 Dodging
 + Level 6.2 Stealth
 - Level 2.6 Spellcasting
 + Level 4.1 Hexes


You had 2 spell levels left.
You knew the following spells:

 Your Spells              Type           Power        Failure   Level  Hunger
a - Corona                Hex            ###....      6%          1    #......
b - Ensorcelled Hibernat  Hex/Ice        #.....       21%         2    ##.....
c - Tukima's Dance        Hex            ###.....     17%         3    ###....


Dungeon Overview and Level Annotations

Branches:
Dungeon (3/15)

Altars:
Makhleb

Annotations:
D:3 Natasha; drock42's ghost, amateur MfSu


Innate Abilities, Weirdness & Mutations

You are very small and have problems with some larger weapons.
You are too small for most types of armour.
You have supernaturally acute eyesight. (SInv)
You are a herbivore.
You cover ground extremely quickly.
You need consume almost no food.


Message History

The river rat barely misses you.
You hit the river rat.
The river rat is heavily wounded.
You block the river rat's attack.
You hit the river rat but do no damage.
The river rat is heavily wounded.
You hit the river rat but do no damage.
The river rat is heavily wounded.
The river rat completely misses you.
You hit the river rat but do no damage.
The river rat is heavily wounded.
The river rat bites you.
* * * LOW HITPOINT WARNING * * *
You hit the river rat but do no damage.
The river rat is heavily wounded.
The river rat closely misses you.
You closely miss the river rat.
The river rat is heavily wounded.
The river rat bites you.
You die...

########## #.......#
##########........###........
#..........######...........#
#..>.####### #####.......#
#...## #..r..... #...#
##........ #...# ###.........
#...# ###########...#######.
###...####....@r.....### ##
###..........###########
#...###.############### ..###
#.# #...>.....# ### #.#
#.........# ## #)#
#.........# .# #)#
#.........### ## .# #(#
#).......... ####. .#
#.#####.........#######....


You could see a river rat.

Vanquished Creatures
  Ijyb (D:3)
  An adder (D:2)
  2 oozes (D:2)
  A dart slug (D:1)
  A leopard gecko (D:1)
  3 orcs (D:3)
  A ball python (D:3)
  3 giant cockroaches
  2 hobgoblins
  2 jackals (D:1)
  A quokka (D:2)
  5 bats
  5 frilled lizards
  8 goblins
  9 kobolds
  4 rats
49 creatures vanquished.

Notes
Turn   | Place    | Note
-------+----------+-------------------------------------------
     0 | D:1      | zewo the Spriggan Enchanter began the quest for the Orb.
     0 | D:1      | Reached XP level 1. HP: 9/9 MP: 5/5
   448 | D:1      | Reached XP level 2. HP: 13/13 MP: 6/6
   832 | D:1      | Reached skill level 5 in Stealth
  1706 | D:2      | Reached XP level 3. HP: 12/16 MP: 8/8
  1920 | D:2      | Found a burning altar of Makhleb.
  2247 | D:2      | Learned a level 2 spell: Ensorcelled Hibernation
  2251 | D:2      | Learned a level 3 spell: Tukima's Dance
  2465 | D:2      | Found a faded altar of an unknown god.
  2889 | D:3      | Noticed Ijyb
  2891 | D:3      | Killed Ijyb
  2891 | D:3      | Reached skill level 6 in Stealth
  2891 | D:3      | Reached XP level 4. HP: 21/21 MP: 9/9
  3132 | D:3      | Noticed Natasha
  3193 | D:3      | Noticed drock42's ghost (amateur MfSu)
  3447 | D:3      | Slain by a river rat

Vault maps used:
D:1:      shiori_arrival_oz
D:2:      lemuel_crystal_altar, chequers_ecumenical_altar_island
D:3:      first_bread, uniq_natasha, uniq_ijyb

Skill      XL: |  1  2  3 |
---------------+----------+-----
Short Blades   | 2 3 |  3.2
Stealth        | 5 6 |  6.2
Hexes          | 4 |  4.1
Dodging        | |  3.0
Spellcasting   | |  2.6

Action                   |  1- 3 |  4- 6 || total
-------------------------+-------+-------++-------
Melee: Dagger            |   158 |    80 ||   238
 Cast: Corona            |     7 |     4 ||    11
       Ensorcelled Hiber |     5 |     3 ||     8
  Use: Scroll            |     8 |       ||     8
 Stab: Sleeping          |    12 |     4 ||    16
Armor: Robe              |    12 |     4 ||    16
Dodge: Dodged            |   106 |    54 ||   160
Block: Buckler           |    21 |    19 ||    40

Table legend:
 A = Spawn XP
 B = Non-spawn XP
 C = Spawn XP percentage of total XP
 D = Spawn monster count
 E = Non-spawn monster count
 F = Spawn count percentage of total count
 G = Total turns spent on level
                    A         B        C        D         E        F      G
               +---------+---------+-------+---------+---------+-------+---------
         Total |       0 |     141 |   0.0 |       0 |      49 |   0.0 |  3447
               +---------+---------+-------+---------+---------+-------+---------
           D:1 |       0 |      29 |   0.0 |       0 |      16 |   0.0 |  1454
           D:2 |       0 |      53 |   0.0 |       0 |      19 |   0.0 |  1419
           D:3 |       0 |      59 |   0.0 |       0 |      14 |   0.0 |   574
               +---------+---------+-------+---------+---------+-------+---------
